 Dungeon Crawl Stone Soup version 0.29-a0-330-g52719c12eb (webtiles) character file.

Game seed: 2755184983332547956

203542 Aelig the Bewitcher (level 17, -2/97 HPs)
             Began as a Vampire Enchanter on May 3, 2022.
             Was the Champion of Wu Jian.
             Slain by a spark wasp (16 damage)
             ... on level 1 of the Depths on May 5, 2022.
             The game lasted 03:16:43 (37897 turns).

Aelig the Bewitcher (Vampire Enchanter)            Turns: 37897, Time: 03:16:43

Health: -2/97      AC: 16    Str: 14 (18) XL:     17   Next: 98%
Magic:  32/39      EV: 18    Int: 23 (27) God:    Wu Jian [******]
Gold:   816        SH:  5    Dex: 14 (16) Spells: 1/34 levels left

rFire   + + .      SeeInvis +   a - +11 rapier of World Downfall {freeze, rN+ Str+5}
rCold   + + .      Faith    .   v - +0 buckler
rNeg    + + +      Spirit   .   G - +2 robe {Will+}
rPois   ∞          Reflect  .   E - +2 helmet {Int+3}
rElec   .          Harm     .   Y - +2 cloak {rF+}
rCorr   .          Rampage  .   N - +2 pair of gloves {Stlth+}
Will    ++...                   K - +2 pair of boots {Stlth+} Stlth *+++++++++
                                r - amulet of magic regeneration
HPRegen 0.00/turn               V - ring of magical power
MPRegen 0.66/turn               S - ring "Yckuidgh" {rF+ Str+6}

@: bloodless, inhibited regen
A: bloodless, fangs 3, see invisible, vampiric 2
}: 1/15 runes: gossamer
a: Bat Form, Revivify, Renounce Religion, Wall Jump, Serpent's Lash, Heavenly
Storm


You were on level 1 of the Depths.
You worshipped Wu Jian.
Wu Jian was exalted by your worship.
You visited 7 branches of the dungeon, and saw 32 of its levels.
You also visited: Volcano.

You collected 3402 gold pieces.
You spent 2586 gold pieces at shops.

Inventory:

Hand Weapons
 a - the +11 rapier of World Downfall (weapon) {freeze, rN+ Str+5}
   (You bought it in a shop on level 2 of the Orcish Mines)

   It freezes those it strikes, dealing additional cold damage.
   It can also slow down cold-blooded creatures.
   Str:       It affects your strength (+5).
   rN:        It protects you from negative energy.
 b - a +0 dagger of protection
Missiles
 e - 600 stones (quivered)
Armour
 v - a +0 buckler (worn)
 E - a +2 helmet of intelligence (worn)
 G - a +2 robe of willpower (worn)
 K - a +2 pair of boots of stealth (worn)
 N - a +2 pair of gloves of stealth (worn)
 Q - the -2 hat of the Alchemist {rElec rPois rF+ rC+ rN+ Will+ rMut rCorr}
   (You found it on level 4 of the Spider Nest)

   rF:        It protects you from fire.
   rC:        It protects you from cold.
   rElec:     It insulates you from electricity.
   rPois:     It protects you from poison.
   rN:        It protects you from negative energy.
   rCorr:     It protects you from acid and corrosion.
   rMut:      It protects you from mutation.
   Will:      It increases your willpower.
 T - a scarf of shadows
 Y - a +2 cloak of fire resistance (worn)
 Z - the +4 chain mail of Foolhardiness {rElec Dex+3}
   (You bought it in a shop on level 2 of the Orcish Mines)

   Dex:       It affects your dexterity (+3).
   rElec:     It insulates you from electricity.
Jewellery
 c - a +6 ring of intelligence
 r - an amulet of magic regeneration (around neck)
 P - a ring of willpower
 S - the ring "Yckuidgh" (right hand) {rF+ Str+6}
   (You acquired it on level 15 of the Dungeon)

   [ring of strength]

   Str:       It affects your strength (+6).
   rF:        It protects you from fire.
 V - a ring of magical power (left hand)
Wands
 j - a wand of digging (11)
 k - a wand of charming (4)
 m - a wand of polymorph (6)
 y - a wand of flame (62)
 I - a wand of iceblast (34)
 M - a wand of mindburst (28)
 R - a wand of acid (9)
Scrolls
 h - 8 scrolls of teleportation
 i - 3 scrolls of torment
 n - a scroll of summoning
 o - 10 scrolls of amnesia
 p - 7 scrolls of magic mapping
 s - 2 scrolls of blinking
 t - a scroll of enchant armour
 w - 10 scrolls of fear
 x - 2 scrolls of brand weapon
 z - 2 scrolls of enchant weapon
 C - a scroll of silence
 D - 3 scrolls of immolation
 F - 6 scrolls of fog
 U - 8 scrolls of identify
 W - 4 scrolls of vulnerability
Potions
 d - a potion of cancellation
 f - 7 potions of might
 g - 8 potions of curing
 l - 5 potions of brilliance
 q - 6 potions of attraction
 u - 6 potions of haste
 A - a potion of resistance
 B - 2 potions of invisibility
 J - 6 potions of ambrosia
 O - 5 potions of magic
 X - 6 potions of mutation


   Skills:
 - Level 8.0 Fighting
 - Level 14.0 Short Blades
 * Level 2.3 Armour
 - Level 14.0 Dodging
 - Level 18.0 Stealth
 - Level 5.0 Shields
 + Level 9.0 Spellcasting
 + Level 3.8 Conjurations
 - Level 19.0 Hexes
 + Level 12.5 Necromancy
 - Level 4.0 Translocations
 - Level 10.0 Transmutations
 + Level 7.9 Ice Magic


You had one spell level left.
You knew the following spells:

 Your Spells              Type           Power      Damage    Failure   Level
a - Ensorcelled Hibernat  Hex/Ice        100%       N/A       1%          2
b - Confusing Touch       Hex            78%        N/A       0%          3
c - Tukima's Dance        Hex            78%        N/A       0%          3
d - Dazzling Flash        Conj/Hex       100%       N/A       1%          3
e - Yara's Violent Unrav  Hex/Tmut       33%        3d14      1%          5
f - Dispel Undead         Necr           62%        3d22      1%          4
g - Vampiric Draining     Necr           62%        2d10      1%          3
h - Metabolic Englaciati  Hex/Ice        32%        N/A       1%          5
i - Fulminant Prism       Conj/Hex       29%        3d14      1%          4
z - Apportation           Tloc           56%        N/A       1%          1

Your spell library contained the following spells:

 Spells                   Type           Power      Damage    Failure   Level
 Slow                     Hex            100%       N/A       0%          1
 Animate Skeleton         Necr           100%       N/A       1%          1
 Magic Dart               Conj           100%       1d8       1%          1
 Pain                     Necr           100%       1d9       1%          1
 Corpse Rot               Necr/Air       78%        N/A       1%          2
 Sublimation of Blood     Necr           62%        N/A       1%          2
 Anguish                  Hex/Necr       35%        N/A       1%          4
 Ice Form                 Ice/Tmut       51%        N/A       1%          4
 Agony                    Necr           62%        N/A       1%          5
 Excruciating Wounds      Necr           31%        N/A       1%          5
 Searing Ray              Conj           54%        2d6       2%          2
 Enfeeble                 Hex            39%        N/A       2%          7
 Silence                  Hex/Air        26%        N/A       4%          5
 Hailstorm                Conj/Ice       37%        3d9       7%          4
 Death Channel            Necr           31%        N/A       7%          6
 Petrify                  Tmut/Erth      33%        N/A       10%         4
 Irradiate                Conj/Tmut      21%        3d20      13%         5
 Passage of Golubria      Tloc           28%        N/A       16%         4
 Simulacrum               Ice/Necr       27%        N/A       19%         6
 Alistair's Intoxication  Tmut/Pois      22%        N/A       28%         5
 Fireball                 Conj/Fire      9%         3d6       71%         5
 Lehudib's Crystal Spear  Conj/Erth      9%         10d4      100%        8
 Chain Lightning          Conj/Air       9%         3d12      100%        9
 Fire Storm               Conj/Fire      9%         8d3       100%        9
 Shatter                  Erth           5%         3d8*      100%        9


Dungeon Overview and Level Annotations

Branches:
Dungeon (15/15)            Temple (1/1) D:4            Lair (6/6) D:11
  Swamp (3/4) Lair:2       Spider (4/4) Lair:2        Slime (0/5) Lair:5
    Orc (2/2) D:10            Elf (0/3) Orc:2        Vaults (0/5) D:13
 Depths (1/4) D:15        Volcano (visited)

Altars:
Ashenzari
Cheibriados
Dithmenos
Elyvilon
Fedhas
Gozag
Hepliaklqana
Kikubaaqudgha
Makhleb
Nemelex Xobeh
Okawaru
Qazlal
Ru
Sif Muna
Trog
Uskayaw
Vehumet
Wu Jian
Xom
Yredelemnul
Zin
The Shining One

Shops:
D:1 *   D:2 *   D:7 ?   D:12 *   D:15 *   Orc:1 (   Orc:2 *[*(:[[[

Portals:
Trove: Depths:1 (give 17 potions of curing)

Annotations:
D:7 3 runed translucent doors, 3 exclusions
D:14 Jorgrun, Louise
D:15 exclusion: upstairs


Innate Abilities, Weirdness & Mutations

You do not regenerate when monsters are visible.
You are frail without blood (-20% HP).
You can heal yourself when you bite living creatures.
You are immune to poison.
You have razor-sharp teeth.
You have supernaturally acute eyesight. (SInv)
You are afflicted with vampirism and can become a bat while bloodless.


Message History

You catch the helpless spark wasp completely off-guard!
You impale the spark wasp!! You freeze the spark wasp!
You bite the spark wasp, but do no damage.
The spark wasp is almost dead.
The spark wasp stings you! The spark wasp shocks you!
You spin and attack the spark wasp repeatedly.
You puncture the spark wasp! You freeze the spark wasp.
You kill the spark wasp!
The Council accepts your kill.
You spin and attack the spark wasp repeatedly.
You puncture the spark wasp! You freeze the spark wasp.
You kill the spark wasp!
The Council accepts your kill. The spark wasp closely misses you.
The spark wasp stings you!! The spark wasp shocks you!
You feel your intelligence returning.
There is a portal to a secret trove of treasure here.
Casting: Dazzling Flash (safe; 1% risk of failure)
Confirm with . or Enter, or press ? or * to list all spells.
Okay, then.
Unknown command.
Casting: Dazzling Flash (safe; 1% risk of failure)
Confirm with . or Enter, or press ? or * to list all spells.
Aiming: Vampiric Draining (safe; 1% risk of failure)
Press: ? - help, Shift-Dir - straight line, f - spark wasp
Aim: a spark wasp (blind)
You draw life force from the spark wasp!
You feel life coursing into your body.
The spark wasp is no longer blind.
The spark wasp stings you. The spark wasp shocks you!
* * * LOW HITPOINT WARNING * * *
The spark wasp stings you but does no damage.
Blink to where?
Press: ? - help, Dir - move target, p - spark wasp
As you read the scroll of blinking, it crumbles to dust.
You feel much better.
The spark wasp bursts into living lightning!
The living lightning hits you!!
* * * LOW HITPOINT WARNING * * *
The spark wasp blinks! x2; The spark wasp stings you!
You die...

§....##..#
§........#
§........#####
.............
#....$.... .
#....≈..# ..
#.....).# ...
##..##..#
....###...#†@#
..y.....8.#y.#
.......8.8...#
.##8.§.8..#
#.8†8...#
#..8....#
#....#..#
##..##..#
#..##..#


You could see a spark wasp.

Vanquished Creatures
  Rupert (D:14)
  Mlioglotl (Spider:1)
  Donald (Spider:1)
  Kirke (Spider:2)
  A frost giant (Depths:1)
  4 ghost moths
  7 emperor scorpions
  4 ghouls (Swamp:3)
  2 orc warlords
  3 stone giants
  5 broodmothers
  5 bunyips
  5 entropy weavers
  5 eleionomae
  A red draconian (Volcano)
  3 spark wasps
  A fire dragon (Depths:1)
  Josephine (D:10)
  2 shambling mangroves (Swamp:2)
  7 boulder beetles
  15 hydras
  Fannar (D:10)
  4 radroaches
  8 alligators
  A centaur warrior (Volcano)
  2 jorogumos
  A merfolk avatar (Lair:6)
  A ghost crab (Swamp:2)
  A death knight (D:13)
  A deep troll shaman (D:15)
  2 deep troll earth magi
  6 two-headed ogres
  8 tengu warriors (D:15)
  3 orc high priests (Orc:2)
  10 spriggans
  A sun demon (Depths:1)
  A sun moth (Spider:4)
  5 goliath frogs
  A deep troll (Depths:1)
  6 steelbarb worms
  10 pharaoh ants
  2 spriggan druids
  A swamp dragon (Swamp:1)
  6 orb spiders
  2 bog bodies
  3 orc knights (Orc:2)
  Pikel (D:7)
  A phantasmal warrior (D:13)
  A deep elf pyromancer (D:12)
  A harpy (shapeshifter) (D:15)
  6 ugly things
  26 wolf spiders
  4 orc sorcerers
  2 manticores (Lair:6)
  A dancing weapon (Orc:2)
  6 cyclopes
  3 will-o-the-wisps
  11 elephants
  2 moths of wrath
  5 black mambas
  4 centaur zombies (D:12)
  2 torpor snails
  Joseph (D:10)
  A gargoyle (D:8)
  3 kobold demonologists
  21 cane toads
  Psyche (D:10)
  3 demonic crawlers
  A freezing wraith (D:13)
  9 komodo dragons
  A yaktaur (Volcano)
  4 tengu conjurers (D:15)
  5 tyrant leeches
  A queen bee (shapeshifter) (D:12)
  5 trolls
  A bloated husk (Swamp:1)
  3 meliai (Spider:2)
  4 polar bears (Lair:6)
  11 hornets
  A wind drake (Lair:6)
  15 slime creatures
  A snapping turtle (Lair:6)
  A meliai zombie (D:12)
  14 blink frogs
  21 tarantellas
  20 jumping spiders
  15 culicivoras
  A shadow (D:10)
  7 wraiths
  7 wyverns
  Eustachio (D:4)
  3 basilisks
  61 yaks
  10 humans (D:13)
  4 steam dragons
  48 redbacks
  Menkaure (D:5)
  11 vampire mosquitoes
  11 swamp worms
  3 wargs
  18 water moccasins
  An acid dragon (D:13)
  A swamp drake (Swamp:1)
  3 sky beasts
  39 orc warriors
  A black bear (D:7)
  7 ogres
  19 wolves
  3 boggarts (D:14)
  6 centaurs
  A lemure (D:7)
  3 phantoms
  3 kobold brigands
  6 bullfrogs
  3 scorpions (Orc:1)
  3 necrophages
  A gnoll sergeant (D:7)
  A wight (D:12)
  6 killer bees (D:11)
  7 howler monkeys
  3 electric eels
  4 hounds
  2 gnoll shamans
  4 jellies
  26 orc priests
  Natasha (twice) (D:3)
  5 iguanas
  24 orc wizards
  A mummy (D:12)
  14 gnolls
  A river rat (D:5)
  11 adders
  4 worms
  A dart slug (D:3)
  94 orcs
  5 bats
  6 endoplasms
  4 giant cockroaches
  7 goblins
  7 hobgoblins
  5 quokkas
  11 ball pythons
  4 frilled lizards
  19 kobolds
  7 rats
972 creatures vanquished.

Vanquished Creatures (collateral kills)
  A vault guard (D:13)
  An orc high priest (Orc:2)
  An orc knight (Orc:2)
  A wolf spider (Spider:4)
  A cyclops (D:12)
  A yaktaur (Volcano)
  A spriggan (Swamp:3)
  3 orc warriors (Orc:2)
  An ogre (D:2)
  A wight (D:12)
  2 orc priests (Orc:2)
  2 orcs (Orc:2)
16 creatures vanquished.

Vanquished Creatures (others)
  An ice dragon (Depths:1)
  2 bloated husks
  5 dancing weapons
  2 humans
  A centaur (Volcano)
  4 orcs
  2 kobolds (D:10)
  10 foxfires (Swamp:1)
  3 fulminant prisms (Depths:1)
  17 fungi
  26 plants
  2 withered plants (D:12)
75 creatures vanquished.

Grand Total: 1063 creatures vanquished

Notes
Turn   | Place    | Note
-------+----------+-------------------------------------------
     0 | D:1      | Aelig the Vampire Enchanter began the quest for the Orb.
     0 | D:1      | Reached XP level 1. HP: 13/13 MP: 3/3
   152 | D:1      | Reached skill level 5 in Stealth
   152 | D:1      | Reached XP level 2. HP: 19/19 MP: 5/5
   155 | D:1      | Learned a level 2 spell: Ensorcelled Hibernation
   412 | D:1      | Reached skill level 5 in Hexes
   445 | D:1      | Found Ycyf's General Store.
   718 | D:2      | Gained mutation: You are afflicted with vampirism and can
                  | become a bat while bloodless. [Vampire growth]
   718 | D:2      | Reached XP level 3. HP: 17/24 MP: 6/6
   762 | D:2      | Learned a level 3 spell: Confusing Touch
   783 | D:2      | Reached skill level 1 in Ice Magic
   848 | D:2      | Reached XP level 4. HP: 30/30 MP: 7/7
   937 | D:2      | Reached skill level 6 in Hexes
  1075 | D:2      | Noticed an ogre
  1087 | D:2      | Found Meaps's Assorted Antiques.
  1230 | D:2      | Reached XP level 5. HP: 28/28 MP: 5/8
  1996 | D:3      | Noticed Natasha
  2003 | D:3      | Killed Natasha
  2010 | D:3      | Learned a level 3 spell: Tukima's Dance
  2024 | D:3      | Noticed an ogre
  2031 | D:3      | Killed an ogre
  2032 | D:3      | Reached skill level 7 in Hexes
  2032 | D:3      | Reached XP level 6. HP: 32/32 MP: 3/9
  2184 | D:3      | Found a faded altar of an unknown god.
  2696 | D:3      | Noticed Natasha
  2710 | D:3      | Killed Natasha
  3332 | D:4      | Noticed Eustachio
  3377 | D:4      | Found a staircase to the Ecumenical Temple.
  3397 | Temple   | Entered the Ecumenical Temple
  3654 | Temple   | Became a worshipper of the Wu Jian Council
  4158 | D:5      | Entered Level 5 of the Dungeon
  4228 | D:5      | Reached XP level 7. HP: 36/36 MP: 10/10
  4387 | D:5      | Noticed Menkaure
  4533 | D:5      | Reached skill level 8 in Hexes
  4608 | D:5      | Killed Menkaure
  4850 | D:5      | Reached skill level 9 in Hexes
  4874 | D:5      | Reached * piety under Wu Jian
  4877 | D:5      | Reached skill level 5 in Short Blades
  5347 | D:5      | Reached XP level 8. HP: 41/41 MP: 11/11
  5475 | D:6      | Reached skill level 10 in Hexes
  5482 | D:6      | Learned a level 3 spell: Dazzling Flash
  5576 | D:6      | Reached skill level 1 in Conjurations
  5618 | D:6      | Identified the +1 robe "Dock" {rPois Dex+4}
  5660 | D:6      | Identified the +0 robe "Rorinil" {Int+3}
  5945 | D:7      | Found a runed translucent door.
  5945 | D:7      | Noticed an unseen horror
  5945 | D:7      | Noticed a wizard
  6114 | D:7      | Reached XP level 9. HP: 45/45 MP: 12/12
  6157 | D:7      | Noticed Pikel
  6193 | D:7      | Killed Pikel
  6194 | D:7      | Reached skill level 11 in Hexes
  6240 | D:7      | Reached ** piety under Wu Jian
  6266 | D:7      | Found Ifreeg Qoon's Magic Scroll Boutique.
  6274 | D:7      | Bought 3 scrolls of fog for 78 gold pieces
  6274 | D:7      | Bought a scroll of fear for 45 gold pieces
  6274 | D:7      | Bought a scroll of teleportation for 39 gold pieces
  6281 | D:7      | Bought a scroll of identify for 26 gold pieces
  6281 | D:7      | Bought a scroll of identify for 26 gold pieces
  6281 | D:7      | Bought a scroll of identify for 26 gold pieces
  6757 | D:7      | Found a runed translucent door.
  6757 | D:7      | Found a runed translucent door.
  6829 | D:4      | Killed Eustachio
  6830 | D:4      | Reached skill level 10 in Stealth
  6932 | D:8      | Reached skill level 12 in Hexes
  7130 | D:8      | Noticed a gargoyle
  7511 | D:9      | Noticed a troll
  7511 | D:9      | Noticed a two-headed ogre
  8016 | D:9      | Killed a troll
  8184 | D:9      | Reached XP level 10. HP: 43/50 MP: 13/13
  8414 | D:9      | Reached skill level 13 in Hexes
  8814 | D:9      | Killed a two-headed ogre
  8996 | D:10     | Entered Level 10 of the Dungeon
  9239 | D:10     | Found a radiant altar of Vehumet.
  9360 | D:10     | Noticed Josephine
  9374 | D:10     | Reached skill level 14 in Hexes
  9397 | D:10     | Noticed a two-headed ogre
  9402 | D:10     | Killed a two-headed ogre
  9403 | D:10     | Reached skill level 10 in Short Blades
  9486 | D:10     | Noticed Psyche
  9701 | D:10     | Noticed Joseph
  9756 | D:10     | Killed Joseph
  9928 | D:11     | Reached skill level 1 in Fighting
 10074 | D:11     | Reached *** piety under Wu Jian
 10090 | D:11     | Reached XP level 11. HP: 56/56 MP: 8/14
 10191 | D:11     | Noticed a green ugly thing
 10197 | D:11     | Killed a green ugly thing
 10613 | D:11     | Reached skill level 5 in Dodging
 10696 | D:11     | Found a staircase to the Lair.
 10828 | Lair:1   | Entered Level 1 of the Lair of Beasts
 11107 | Lair:1   | Reached skill level 5 in Fighting
 11173 | Lair:1   | Reached **** piety under Wu Jian
 11752 | Lair:2   | Reached skill level 1 in Transmutations
 11811 | Lair:2   | Identified a scroll of acquirement
 11812 | Lair:2   | Acquired the +0 helmet of the Unbroken {Stlth+}
 11842 | Lair:2   | Identified the +12 morningstar "Hell-Harrower" {flame,
                  | Will+ Str+5}
 11976 | Lair:2   | Noticed a five-headed hydra
 12026 | Lair:2   | Reached XP level 12. HP: 70/70 MP: 13/15
 12039 | Lair:2   | Killed a five-headed hydra
 12167 | Lair:2   | Noticed a five-headed hydra
 12179 | Lair:2   | Killed a five-headed hydra
 12210 | Lair:2   | Reached skill level 15 in Hexes
 12283 | Lair:2   | Noticed an eight-headed hydra
 12287 | Lair:2   | Noticed an eight-headed hydra
 12289 | Lair:2   | Killed an eight-headed hydra
 12298 | Lair:2   | Killed an eight-headed hydra
 12299 | Lair:2   | Reached skill level 5 in Transmutations
 12484 | Lair:2   | Found a hole to the Spider Nest.
 12611 | Lair:2   | Noticed a six-headed hydra
 12896 | Lair:3   | Reached skill level 16 in Hexes
 13341 | Lair:4   | Reached skill level 10 in Dodging
 13648 | Lair:4   | Reached ***** piety under Wu Jian
 14019 | Lair:5   | Reached XP level 13. HP: 74/74 MP: 16/16
 14081 | Lair:5   | Found a dark tunnel.
 14087 | Volcano  | Entered a volcano
 14094 | Volcano  | Learned a level 5 spell: Yara's Violent Unravelling
 14112 | Volcano  | Noticed a red draconian
 14115 | Volcano  | Killed a red draconian
 14320 | Volcano  | Reached skill level 17 in Hexes
 14587 | Lair:5   | Found a staircase to the Slime Pits.
 15617 | D:12     | Found Zulutt's General Store.
 15655 | D:12     | Learned a level 1 spell: Apportation
 15697 | D:12     | Reached skill level 18 in Hexes
 15761 | D:12     | Reached skill level 1 in Translocations
 16007 | D:12     | Reached skill level 5 in Spellcasting
 16334 | D:13     | Reached skill level 15 in Stealth
 16635 | D:10     | Found a staircase to the Orcish Mines.
 16764 | D:10     | Killed Psyche
 16872 | D:10     | Noticed Fannar
 16872 | D:10     | Killed Josephine
 16888 | D:10     | Killed Fannar
 16890 | D:10     | Reached XP level 14. HP: 84/84 MP: 21/21
 16963 | Orc:1    | Entered Level 1 of the Orcish Mines
 17042 | Orc:1    | Found Ilejaom's Weapon Emporium.
 17139 | Orc:1    | Noticed an orc warlord
 17385 | Orc:1    | Killed an orc warlord
 17386 | Orc:1    | Reached skill level 1 in Shields
 17466 | Orc:1    | Found a bloodstained altar of Trog.
 17714 | Orc:2    | Entered Level 2 of the Orcish Mines
 17714 | Orc:2    | Found Osee's Antique Armour Shop.
 17777 | Orc:2    | Found Antugaz's Assorted Antiques.
 17927 | Orc:2    | Found Tewi Ohoo's Armour Boutique.
 18105 | Orc:2    | Found Semuwih's Antique Armour Emporium.
 18114 | Orc:2    | Bought a steaming robe for 188 gold pieces
 18114 | Orc:2    | Identified the +0 robe of the Modern Violins {rPois rC+
                  | Regen+ Dex+3} (You bought it in a shop on level 2 of the
                  | Orcish Mines)
 18117 | Orc:2    | Bought a shiny kite shield for 247 gold pieces
 18333 | Orc:2    | Found a staircase to the Elven Halls.
 19108 | Orc:2    | Reached ****** piety under Wu Jian
 19164 | Orc:2    | Noticed an orc warlord
 19191 | Orc:2    | Killed an orc warlord
 19646 | Orc:2    | Found Manolupn's General Store.
 19690 | Orc:2    | Found Nublez's Antique Armour Boutique.
 19691 | Orc:2    | Found Upuim's Antique Weapon Boutique.
 19693 | Orc:2    | Found Oromosepn's Book Shop.
 19709 | Orc:2    | Bought a brightly glowing rapier for 198 gold pieces
 19709 | Orc:2    | Identified the +11 rapier of World Downfall {freeze, rN+
                  | Str+5} (You bought it in a shop on level 2 of the Orcish
                  | Mines)
 19729 | Orc:2    | Bought a transparent short sword for 176 gold pieces
 19729 | Orc:2    | Identified the +6 short sword "Qoevu" {chaos, MP+9 Str+3
                  | Dex+3} (You bought it in a shop on level 2 of the Orcish
                  | Mines)
 20030 | Orc:2    | Bought a +2 pair of boots of stealth for 365 gold pieces
 20030 | Orc:2    | Bought a +1 pair of gloves of stealth for 280 gold pieces
 20234 | Orc:2    | Bought a book of Decay for 300 gold pieces
 20487 | Lair:6   | Entered Level 6 of the Lair of Beasts
 20529 | Lair:6   | Reached skill level 1 in Necromancy
 20579 | Lair:6   | Reached skill level 19 in Hexes
 21421 | Lair:6   | Found the +8 trident of the Octopus King {venom, rElec
                  | rPois}
 21425 | Lair:6   | Reached skill level 5 in Shields
 21948 | D:13     | Reached XP level 15. HP: 88/88 MP: 22/22
 22406 | D:13     | Found a gate to the Vaults.
 22591 | D:14     | Reached skill level 5 in Necromancy
 22961 | D:14     | Noticed Louise
 23301 | D:14     | Noticed Rupert
 23302 | D:14     | Killed Rupert
 23768 | D:15     | Entered Level 15 of the Dungeon
 23936 | Lair:2   | Found a staircase to the Swamp.
 23961 | Swamp:1  | Entered Level 1 of the Swamp
 23995 | Swamp:1  | Learned a level 4 spell: Dispel Undead
 24599 | Spider:1 | Entered Level 1 of the Spider Nest
 24729 | Spider:1 | Noticed Mlioglotl
 24861 | Spider:1 | Killed Mlioglotl
 24928 | Spider:1 | Noticed Donald
 24932 | Spider:1 | Killed Donald
 25224 | Spider:2 | Noticed an emperor scorpion
 25230 | Spider:2 | Noticed an emperor scorpion
 25238 | Spider:2 | Killed an emperor scorpion
 25272 | Spider:2 | Noticed an emperor scorpion
 25280 | Spider:2 | Killed an emperor scorpion
 25282 | Spider:2 | Killed an emperor scorpion
 25465 | Spider:2 | Learned a level 3 spell: Vampiric Draining
 25877 | Spider:2 | Reached XP level 16. HP: 87/93 MP: 23/23
 26005 | Spider:2 | Noticed Kirke
 26006 | Spider:2 | Killed Kirke
 28855 | Swamp:2  | Identified the +1 helmet of Indomitability {Rampage} (You
                  | found it on level 2 of the Swamp)
 28965 | Swamp:2  | Reached skill level 10 in Necromancy
 29805 | Swamp:3  | Got Edidyung's Reference Book on the Arsonist and Cold
 29812 | Swamp:3  | Learned a level 5 spell: Metabolic Englaciation
 29939 | Swamp:3  | Noticed a tentacled monstrosity
 29984 | Swamp:3  | Reached XP level 17. HP: 64/97 MP: 28/28
 30418 | Spider:4 | Entered Level 4 of the Spider Nest
 32268 | Spider:3 | Reached skill level 10 in Transmutations
 32268 | Spider:3 | Reached skill level 5 in Ice Magic
 35623 | Spider:4 | Learned a level 4 spell: Fulminant Prism
 35655 | Spider:4 | Found the -2 hat of the Alchemist {rElec rPois rF+ rC+ rN+
                  | Will+ rMut rCorr}
 35677 | Spider:4 | Got a gossamer rune of Zot
 36179 | D:14     | Noticed Jorgrun
 36511 | D:15     | Acquired the ring "Yckuidgh" {rF+ Str+6}
 36744 | Lair:3   | Identified the +1 ring mail "Yceimnao" {rF++ Int-3}
 36896 | Orc:2    | Bought a jewelled scale mail for 288 gold pieces
 36896 | Orc:2    | Identified the +5 scale mail "Tiequacy" {Int+6} (You bought
                  | it in a shop on level 2 of the Orcish Mines)
 36898 | Orc:2    | Bought a faintly humming chain mail for 304 gold pieces
 36898 | Orc:2    | Identified the +4 chain mail of Foolhardiness {rElec Dex+3}
                  | (You bought it in a shop on level 2 of the Orcish Mines)
 37035 | D:8      | Identified the +0 leather armour "Ebbar" {rCorr Str+2 Int+5
                  | Dex-4}
 37205 | D:15     | Found Rotobon's General Store.
 37254 | D:15     | Found a staircase to the Depths.
 37451 | D:15     | Reached skill level 1 in Armour
 37519 | Depths:1 | Entered Level 1 of the Depths
 37852 | Depths:1 | Found a portal to a secret trove of treasure.
 37897 | Depths:1 | Slain by a spark wasp

Illustrated notes

Levels and vault maps discovered:
D:1:      kennysheep_arrival_seaside, layout_basic, serial_shops, shop
D:2:      layout_basic, serial_shops, nicolae_shop_statue_plus,
          minmay_pentomino_x2
D:3:      layout_basic, hellmonk_ecumenical_altar_pennies_from_heaven,
          uniq_natasha
D:4:      layout_basic, minmay_temple_entry_crystal_x, uniq_eustachio
D:5:      layout_cave_pods, portal_sewer_entry_a, kennysheep_diamond,
          uniq_menkaure
D:6:      layout_rooms
D:7:      minmay_the_grid_four_pointed_star [minmay_the_grid_triangle_9x9_steps,
          minmay_the_grid_triangle_9x9_fully_insulated_deathbox,
          minmay_the_grid_triangle_9x9_impossible_snake,
          minmay_the_grid_triangle_9x9_intruding_spiral,
          minmay_the_grid_prize_four_corners], layout_rooms, serial_shops,
          nicolae_shop_advertising_works [nicolae_subvault_shop_adworks],
          uniq_pikel
D:8:      layout_basic, minivault_25, nicolae_figureground_sparkle
D:9:      layout_long_grid
D:10:     layout_loops_corners, nicolae_vehumet_radiance, hiddenorc1_lemuel,
          uniq_psyche, uniq_josephine, uniq_fannar, uniq_joseph
D:11:     layout_long_grid, erik_lair_island
D:12:     layout_roguey, serial_undead, serial_undead_b, serial_undead_d,
          serial_undead_c, serial_undead_c, serial_shops, shop
D:13:     layout_loops_cross, ximxim_vaults_locker_room, kennysheep_nub
D:14:     layout_cave_pools, serial_column_ruins, column_ruins_hut_ruined,
          column_ruins_temple_hut, column_ruins_open_small,
          column_ruins_open_medium, column_ruins_open_tiny,
          column_ruins_columns_corner, uniq_jorgrun, uniq_rupert, uniq_frances,
          uniq_louise
D:15:     grunt_enter_depths_snipers, layout_cave_pools, minivault_27,
          special_room [special_room_orc], serial_shops, shop
Temple:   mainiacjoe_temple_hex_bubbles
Lair:1:   layout_hall_layers
Lair:2:   layout_gridlike, palyth_hydra_swamp_entry,
          nicolae_spider_entry_orb_guardian
Lair:3:   layout_misc_corridors
Lair:4:   layout_gridlike, serial_bayou_shore_a
Lair:5:   layout_roguey, minmay_slime_entry_pillars,
          nicolae_volcano_entry_hallway, grunt_megastairs_3
Lair:6:   gammafunk_lair_ancient_temple, layout_misc_corridors, pond
Swamp:1:  layout_basic_swamp, evilmike_swamp_ruin_wall
Swamp:2:  layout_basic_swamp, evilmike_swamp_ruin_rubble_2
Swamp:3:  layout_basic_swamp, evilmike_swamp_ruin_house_4
Spider:1: layout_spider_delve, uniq_donald, uniq_mlioglotl
Spider:2: layout_chambers, drop_trap, nicolae_spider_eight_legs, uniq_kirke
Spider:3: layout_spider_delve
Spider:4: grunt_spider_rune_parallel
Orc:1:    layout_diamond_mine, serial_shops, nicolae_shop_bloodbath_and_beyond,
          trog_butcher_becter, uniq_sonja
Orc:2:    st_orc_congregation, layout_diamond_mine, serial_shops, shop,
          nicolae_shop_waterfront, shop_fountains, nicolae_lakefront_shop
Depths:1: layout_long_grid, enter_trove_2, nicolae_gozag_seed_capital,
          hangedman_abyss_entry_splay, hellmouth_3, tso_metal_star

Skill      XL: |  1  2  3  4  5  6  7  8  9 10 11 12 13 14 15 16 17 |
---------------+----------------------------------------------------+-----
Stealth        | 5 6 8 10 13 14 15 17 18 | 18.0
Hexes          | 5 6 7 9 10 12 14 16 18 19 | 19.0
Ice Magic      | 1 2 3 4 7 |  7.9
Short Blades   | 2 3 5 6 8 10 12 13 14 | 14.0
Conjurations   | 2 3 |  3.8
Fighting       | 1 6 8 |  8.0
Dodging        | 3 7 10 12 14 | 14.0
Transmutations | 2 7 8 9 10 | 10.0
Spellcasting   | 5 7 9 |  9.0
Translocations | 3 4 |  4.0
Shields        | 5 |  5.0
Necromancy     | 4 8 10 12 | 12.5
Armour         | 2 |  2.3

Action                   |  1- 3 |  4- 6 |  7- 9 | 10-12 | 13-15 | 16-18 || total
-------------------------+-------+-------+-------+-------+-------+-------++-------
Melee: Dagger            |    63 |   135 |   244 |   357 |  1477 |   630 ||  2906
       Bite              |     2 |     8 |    24 |    39 |   178 |   118 ||   369
       Punch             |     2 |       |     2 |     6 |    11 |       ||    21
       Rapier            |       |       |       |       |       |   222 ||   222
Throw: Stone             |       |       |     8 |    16 |     5 |    46 ||    75
 Cast: Ensorcelled Hiber |     2 |    25 |    67 |   157 |   264 |   230 ||   745
       Tukima's Dance    |       |     3 |       |       |    42 |     3 ||    48
       Confusing Touch   |       |       |     8 |    15 |    46 |    66 ||   135
       Dazzling Flash    |       |       |     1 |    10 |    98 |    48 ||   157
       Yara's Violent Un |       |       |       |       |     9 |     3 ||    12
       Apportation       |       |       |       |       |    12 |     9 ||    21
       Vampiric Draining |       |       |       |       |       |     7 ||     7
       Metabolic Englaci |       |       |       |       |       |    16 ||    16
       Fulminant Prism   |       |       |       |       |       |     3 ||     3
Invok: Lunge             |       |     3 |    45 |    76 |   155 |   122 ||   401
       Whirlwind         |       |       |    24 |    22 |   441 |   155 ||   642
       Serpent's Lash    |       |       |       |     2 |    23 |     9 ||    34
 Abil: Exsanguinate      |       |     1 |     1 |       |       |       ||     2
       Bat Form          |       |       |     1 |     2 |     6 |     3 ||    12
       Revivify          |       |       |     1 |       |       |       ||     1
       End Transformatio |       |       |       |     2 |     6 |     3 ||    11
       Wall Jump         |       |       |       |     1 |     1 |     1 ||     3
Evoke: Wand              |       |       |       |       |     4 |     4 ||     8
  Use: Scroll            |       |     7 |     5 |     7 |     9 |    16 ||    44
       Potion            |       |       |       |       |     5 |     6 ||    11
 Stab: Sleeping          |    15 |    38 |    55 |   127 |   221 |   162 ||   618
       Distracted        |       |     1 |       |       |       |       ||     1
       Confused          |       |       |     9 |    15 |    45 |    80 ||   149
       Invisible         |       |       |     2 |     9 |   131 |    52 ||   194
Armor: Robe              |     4 |    27 |    61 |    67 |   343 |   169 ||   671
Dodge: Dodged            |    33 |    71 |    75 |   171 |   773 |   411 ||  1534
Block: Buckler           |       |       |       |       |    68 |   124 ||   192

Table legend: (Time is in decaauts)
 A = Elapsed time spent in this place.
 B = Non-inter-level travel time spent in this place.
 C = Inter-level travel time spent in this place.
 D = Time resting spent in this place.
 E = Time spent auto-exploring this place.
 F = Levels seen in this place.
 G = Mean time per level.
                   A        B        C        D        E       F      G
               +--------+--------+--------+--------+--------+-----+--------+
         Total |  37450 |  33660 |   3790 |   7858 |  11665 |  33 | 1134.8 |
       Dungeon |  15656 |  14145 |   1511 |   2565 |   5923 |  15 | 1043.7 |
        Temple |    286 |    230 |     56 |      0 |    222 |   1 |  286.0 |
          Lair |   6691 |   5596 |   1095 |    636 |   2680 |   6 | 1115.2 |
         Swamp |   2528 |   2426 |    102 |    507 |    664 |   3 |  842.7 |
   Spider Nest |   8560 |   8022 |    538 |   3811 |   1422 |   4 | 2140.0 |
  Orcish Mines |   3308 |   2820 |    488 |    257 |    754 |   2 | 1654.0 |
        Depths |    190 |    190 |      0 |     54 |      0 |   1 |  190.0 |
       Volcano |    228 |    228 |      0 |     28 |      0 |   1 |  228.0 |
               +--------+--------+--------+--------+--------+-----+--------+

Top non-repeatable levels by time:
Spider:3: 2714 daAuts
Spider:4: 2704 daAuts
Spider:2: 2461 daAuts
   Orc:2: 2289 daAuts
    D:10: 1727 daAuts
  Lair:2: 1597 daAuts
    D:13: 1592 daAuts
     D:9: 1402 daAuts
     D:5: 1299 daAuts
     D:4: 1207 daAuts
  Lair:5: 1194 daAuts
  Lair:1: 1180 daAuts
     D:3: 1138 daAuts
    D:11: 1124 daAuts
   Orc:1: 1018 daAuts
